AoeStats
← DigitalJo4

Hideout

510104261Analyzed
1v1 RM · 3d ago on Sep 29, 2026· 40m 43s· 2 players
Game mode
Random Map
Map size
Tiny (2 player)
Population
200
Speed
Normal
Resources
Standard
Victory
Conquest
Starting age
Dark Age
Ending age
Imperial Age
RankedLock teamsTeams togetherTeam positionsShared explorationLock speedFull tech treeHidden civsTurbo modeCheats
Victory
Defeat
🇬🇷 Goths · Greece
705
+18
🇫🇷 Lithuanians · France
747
-18
Pia-Pia
7:17 Loom
9:57 Feudal Age
10:26 Double-Bit Axe
10:26 Horse Collar
12:23 Bloodlines
13:26 Forging
19:55 Castle Age
19:43 Fletching
19:54 Padded Archer Armor
21:34 Husbandry
23:40 Gold Mining
23:41 Stone Mining
25:51 Wheelbarrow
25:02 Town Watch
26:47 Elite Skirmisher
27:33 Thumb Ring
27:27 Bodkin Arrow
27:47 Leather Archer Armor
28:08 Iron Casting
29:05 Hand Cart
35:51 Imperial Age
34:14 Ballistics
35:12 Stone Mining
35:53 Cavalier
37:03 Town Patrol
37:39 Bracer
38:10 Ring Archer Armor
37:45 Scale Barding Armor
37:46 Paladin
39:58 Chemistry
DigitalJo4
12:20 Feudal Age
13:07 Horse Collar
13:13 Double-Bit Axe
17:08 Castle Age
18:23 Forging
18:14 Scale Mail Armor
18:27 Pikeman
19:07 Squires
19:23 Heavy Plow
19:34 Bow Saw
23:27 Town Watch
24:20 Wheelbarrow
25:28 Iron Casting
25:09 Chain Mail Armor
29:13 Imperial Age
27:41 Man-at-Arms
30:08 Bow Saw
31:23 Chemistry
29:50 Long Swordsman
29:50 Halberdier
30:57 Conscription
32:03 Perfusion
31:29 Two-Handed Swordsman
33:33 Anarchy
37:30 Blast Furnace
Connection lost

Rejoining the realm…

Still unreachable

The connection could not be restored.

Session expired

The server has moved on; the page needs a fresh start.